[Event "*** Titled Tuesday Blitz"]
[Site "Chess.com"]
[Date "2021.03.30"]
[Round "7"]
[White "Isajevsky_Anton"]
[Black "mr_gustavo"]
[Result "1-0"]
[WhiteElo "2534"]
[BlackElo "2393"]
[TimeControl "180+1"]
[EndTime "11:19:37 PDT"]
[Termination "Isajevsky_Anton won by checkmate"]

1. c4 Nf6 2. Nc3 g6 3. g3 d6 4. Bg2 Bg7 5. e3 O-O 6. Nge2 Nc6 7. O-O e5 8. d3 Ne8 9. Rb1 a5 10. a3 f5 11. b4 axb4 12. axb4 Nf6 13. b5 Ne7 14. Qd2 c6 15. Bb2 d5 16. cxd5 cxd5 17.
Ra1 Be6 18. Na4 Nd7 19. Qb4 h5 20. Rfc1 Bf6 21. Qd6 Bf7 22. Rc7 Be8 23. Nec3 e4 24. dxe4 fxe4 25. Rxb7 Ne5 26. Qxd8 Rxd8 27. Ne2 Nf5 28.
Rd1 Bf7 29. b6 Ra8 30. Nc5 Nf3+ 31. Bxf3 Bxb2 32. Bg2 Bg7 33. Nf4 Rfd8 34. Nce6 Rdb8 35. Rxb8+ Rxb8 36. Nxg7 Kxg7 37. Nxd5 Rd8 38. Bxe4 Nd6 39. Bf3 Rb8 40. h4 Bxd5 41. Rxd5 Rxb6 42. Kg2 Nf7 43. Be4 Rf6 44. Bd3 Kf8 45. f4 Kg7 46. Kf3 Rb6 47. e4 Rb3 48. e5 Rb4 49. Rd7 Kf8 50. Bxg6 Rb3+ 51. Kg2 Nh6 52. Bxh5 Nf5 53. Rf7+ Kg8 54. Rxf5 Kg7 55. Rg5+ Kh6 56. Kh3 Kh7 57. Bg4 Kh6 58.
h5 Kh7 59. Kh4 Kh6 60. Rg6+ Kh7 61. Bf5 Kh8 62. g4 Rb2 63. Kg5 Rb5 64. Rc6 Rb7 65. Rc8+ Kg7 66. h6+ Kf7 67. h7 Rb6 68. h8=Q Rf6 69. Qxf6# 1-0

[Event "*** Titled Tuesday Blitz"]
[Site "Chess.com"]
[Date "2021.03.30"]
[Round "7"]
[White "CzechmVIII"]
[Black "thechesscorner64"]
[Result "1-0"]
[WhiteElo "2232"]
[BlackElo "2339"]
[TimeControl "180+1"]
[EndTime "11:19:37 PDT"]
[Termination "CzechmVIII won by resignation"]

1. e4 c5 2. Nf3 e6 3. Nc3 a6 4. g3 b5 5. d4 cxd4 6. Nxd4 Bb7 7. Bg2 Nf6 8. O-O b4 9. Na4 Bxe4 10. Bxe4 Nxe4 11.
c3 bxc3 12. bxc3 Nc5 13. Rb1 Nc6 14. Nb6 Rb8 15. Nxc6 dxc6 16. Bf4 Qxd1 17. Rfxd1 Rb7 18. Nc4 Be7 19. Rxb7 Nxb7 20. Ne5 O-O 21. Rd7 Bf6 22. Rxb7 g5 23. Nxc6 gxf4 24. Nd4 Rc8 25. Ne2 f3 26. Nf4 Rxc3 27. h4 Kf8 28. Nh5 Bd4 29. Rb8+ Ke7 30. Rb7+ Kd6 31. Nf4 Rc1+ 32. Kh2 Rc2 33. Rxf7 Rxf2+ 34. Kh3 Rxa2 35. Nd3 f2 36. Nxf2 Rxf2 37. Rxh7 Be3 38.
Rh8 Ke5 39. Ra8 Ra2 40. h5 a5 41. g4 a4 42. Kh4 Bf2+ 43. Kg5 a3 44. h6 Be3+ 45.
Kg6 Rg2 46. h7 Rxg4+ 47. Kf7 Rh4 48. h8=Q+ Rxh8 49. Rxh8 Bd4 50. Ra8 a2 51. Rxa2 Ke4 52. Kxe6 Kd3 53. Ra6 Bc3 54. Rd6+ Kc4 55. Rd7 Bb4 56.
Rf7 Bc3 57. Rh7 Bd4 58. Rf7 Kd3 59. Rd7 Ke4 60. Rb7 Bc3 61. Rb5 Kd3 62. Rf5 Kc4 63.
Rh5 Kd3 64. Rh4 Bd4 65. Kd5 Be3 66. Rg4 Ke2 67. Ke4 Bf2 68. Rg8 Bc5 69. Rg2+ Kd1 70.
Ra2 Kc1 71. Kd3 Kb1 72. Rg2 Kc1 73. Kc3 Kd1 74. Kd3 Ke1 75. Rc2 Kf1 76. Rxc5 1-0

[Event "*** Titled Tuesday Blitz"]
[Site "Chess.com"]
[Date "2021.03.30"]
[Round "7"]
[White "AlexPapasimakopoulos"]
[Black "Arvids_Andrejevs"]
[Result "1-0"]
[WhiteElo "2623"]
[BlackElo "2439"]
[TimeControl "180+1"]
[EndTime "11:19:44 PDT"]
[Termination "AlexPapasimakopoulos won by resignation"]

1. d4 d5 2. c4 dxc4 3. Nf3 Nf6 4. e3 e6 5. Bxc4 a6 6. O-O b5 7.
Bd3 Bb7 8. a4 b4 9. Nbd2 c5 10. b3 Nc6 11. Bb2 Bd6 12. Nc4 O-O 13. Nxd6 Qxd6 14. dxc5 Qxc5 15. Rc1 Qh5 16. Nd4 Nxd4 17.
Qxh5 Nxh5 18. Bxd4 Bd5 19. g4 Nf6 20. Bxf6 gxf6 21. Bc4 Rfd8 22. Bxd5 Rxd5 23. Rc4 a5 24. Kg2 Rad8 25. Rfc1 Kg7 26. Rc5 Kg6 27. Rb5 Rxb5 28. axb5 Rd5 29. b6 Rb5 30. Rc6 f5 31. Kg3 fxg4 32. Kxg4 Kf6 33. h4 Ke7 34. Rc7+ Kf6 35.
b7 h5+ 36. Kf4 Rb6 37. Rc5 a4 38. bxa4 Rxb7 39. Kg3 b3 40. Rc1 Ke5 41. a5 Ke4 42. a6 Ra7 43. Rb1 Rxa6 44. Rxb3 f5 45. Rb4+ Ke5 46. Rb8 Kf6 47. Rh8 Kg6 48. Rg8+ Kf6 49.
Rg5 Ra8 50. Rxh5 Kg6 51. Rg5+ Kf6 52. Kh3 Ra2 53. Rg2 e5 54. h5 f4 55. exf4 exf4 56.
Kg4 Kg7 57. Kxf4+ Kh6 58. Kg4 Kh7 59. Kg5 Ra5+ 60. Kf6 Ra6+ 61. Kf5 Ra5+ 62. Kg4 Ra2 63. Rh2 Kh6 64. Kg3 Rb2 65. Rh4 Ra2 66. f4 Ra5 67.
Kg4 Ra1 68. Rh2 Ra6 69. Rb2 Kg7 70. Kg5 Kg8 71. h6 Rc6 72. Rb7 Ra6 73. f5 Rc6 74. Re7 Ra6 75. Re6 Ra1 76. Rb6 Rg1+ 77. Kf6 Kh7 78.
Kf7 Rf1 79. f6 Kxh6 80. Kg8 Rg1+ 81. Kf8 Kh7 82. f7 Re1 83. Rb2 Rf1 84. Rh2+ Kg6 85. Kg8 1-0

[Event "*** Titled Tuesday Blitz"]
[Site "Chess.com"]
[Date "2021.03.30"]
[Round "7"]
[White "Alexsur1981"]
[Black "BilodeauA"]
[Result "1-0"]
[WhiteElo "2889"]
[BlackElo "2913"]
[TimeControl "180+1"]
[EndTime "11:19:45 PDT"]
[Termination "Alexsur1981 won by resignation"]

1. e4 e5 2. Nf3 Nc6 3. d4 exd4 4.
Nxd4 Bc5 5. Nb3 Bb6 6. Nc3 d6 7. Qe2 Nf6 8. Be3 Be6 9. O-O-O O-O 10. f3 Bxe3+ 11. Qxe3 a6 12. g4 b5 13. h4 b4 14. Ne2 a5 15. Kb1 Qe7 16. h5 Bxb3 17. cxb3 a4 18. bxa4 Rxa4 19. Nc1 b3 20. Bb5 bxa2+ 21.
Ka1 Rb4 22. Bxc6 Rfb8 23. Nd3 R4b6 24. Rc1 Rb3 25. Qd4 Nd7 26. Bxd7 Qxd7 27. h6 gxh6 28. Rxh6 Qb5 29. Rd1 c5 30. Qxd6 Rxd3 31. Qxb8+ Qxb8 32. Rxd3 Qb5 33. Rhd6 c4 34. Rc3 Qc5 35. Rd5 Qb4 36.
Rd4 Qb6 37. Rdxc4 Kg7 38. Kxa2 Qa6+ 39. Kb1 Qf6 40. b4 Qb6 41. Kb2 Qb5 42. Kb3 Qb6 43. Rc5 Qe6+ 44. Rd5 Qb6 45. b5 Qg1 46. Rdc5 Qb1+ 47. Ka4 Qb2 48. Ka5 Qa2+ 49. Kb6 Kf6 50. Kb7 Ke6 51. b6 Kd7 52. Rd5+ Ke6 53. Kb8 Qh2+ 54. Rc7 Qb2 55. b7 h5 56. gxh5 Qh8+ 57. Rc8 Qb2 58. h6 Qh2+ 59. Ka7 Qa2+ 60. Kb6 Qf2+ 61.
Rcc5 Qh2 62. Rc6+ Ke7 63. e5 Qf2+ 64. Rdc5 Qb2+ 65. Rb5 Qf2+ 66. Rcc5 Qxf3 67. b8=Q Ke6 68. Qd6+ Kf5 69. Qf6+ Kg4 70. Qxf3+ 1-0

[Event "*** Titled Tuesday Blitz"]
[Site "Chess.com"]
[Date "2021.03.30"]
[Round "7"]
[White "Lenyas66"]
[Black "chessdiamant"]
[Result "0-1"]
[WhiteElo "2503"]
[BlackElo "2385"]
[TimeControl "180+1"]
[EndTime "11:19:45 PDT"]
[Termination "chessdiamant won by resignation"]

1. e4 e6 2. d4 d5 3. Nd2 Nf6 4. e5 Nfd7 5. Bd3 c5 6. c3 Nc6 7. Ne2 cxd4 8. cxd4 f6 9. Nf4 Nxd4 10. Qh5+ Ke7 11.
Ng6+ hxg6 12. exf6+ Nxf6 13. Qxh8 Kf7 14. O-O e5 15. Nb3 Nxb3 16. axb3 Bf5 17. Bxf5 gxf5 18. Bg5 Qb6 19. Bxf6 gxf6 20. Qh5+ Ke6 21. Rac1 Be7 22.
Rc3 Rg8 23. Rfc1 d4 24. Rf3 Rg5 25. Qh7 e4 26. Rg3 Rxg3 27. hxg3 d3 28. Qg8+ Ke5 29. Qb8+ Bd6 30. Qe8+ Kd5 31. Kf1 Qa6 32. Qf7+ Ke5 33. Qc4 Qxc4 34. Rxc4 b5 35. Rc8 a5 36. Ke1 Bb4+ 37.
Kd1 f4 38. gxf4+ Kxf4 39. Rb8 Bc5 40. Ke1 Bb4+ 41. Kf1 e3 42. fxe3+ Kxe3 43. Rxb5 d2 44. Rd5 Bc5 45. Rd7 f5 46. Rd8 f4 47. Re8+ Kd3 48.
Rd8+ Ke3 49. Re8+ Kd3 50. Rd8+ Bd4 51. Rxd4+ Kxd4 52. Ke2 Kc5 53. Kxd2 Kb4 54. Kc2 Kb5 55. Kc3 Kc5 56. Kd3 Kb4 57. Kc2 Kb5 58. Kb1 Kb4 59. Ka2 Kc5 60. Ka3 Kb5 61. Ka2 Kb4 62. Kb1 Kxb3 63. Ka1 Kc2 64. Ka2 Kd2 65. Ka3 Ke2 66.
Ka4 Kf2 67. Kxa5 Kxg2 68. b4 f3 69. b5 f2 70. b6 f1=Q 71. b7 Qf4 72. Kb6 Qb8 0-1

[Event "*** Titled Tuesday Blitz"]
[Site "Chess.com"]
[Date "2021.03.30"]
[Round "7"]
[White "FairChess_on_YouTube"]
[Black "seorobert1971"]
[Result "1-0"]
[WhiteElo "3001"]
[BlackElo "2737"]
[TimeControl "180+1"]
[EndTime "11:19:46 PDT"]
[Termination "FairChess_on_YouTube won on time"]

1. d4 e6 2. Nf3 d5 3. Bf4 Nf6 4. e3 Bd6 5. Bg3 c5 6. c3 O-O 7. Nbd2 b6 8. Ne5 Ba6 9. Bxa6 Nxa6 10. Bh4 Nb8 11. f4 Be7 12. O-O Nfd7 13. Bxe7 Qxe7 14. Qh5 f6 15. Ng4 f5 16. Ne5 Nf6 17. Qh4 Nbd7 18.
Rf3 Rfe8 19. Rh3 Nf8 20. Qf2 N8d7 21. Qh4 Nf8 22. Kh1 Ne4 23. Qe1 Nxd2 24. Qxd2 Nd7 25. Nf3 Nf6 26. Rg1 b5 27. Ne5 cxd4 28. exd4 a5 29.
g4 fxg4 30. Nxg4 Nxg4 31. Rxg4 Qf6 32. Rgh4 h6 33. Qg2 Kf7 34. Rg4 Rg8 35. Rhg3 g6 36. Rh3 h5 37. Rg5 b4 38. Qd2 bxc3 39. Rxc3 Rgc8 40.
Qd3 Rxc3 41. bxc3 Rb8 42. Rg1 Rb2 43. Rg2 Rxg2 44. Kxg2 Qxf4 45. a4 Qg4+ 46. Kh1 Qf5 47. Qa6 Qf2 48. h3 Qe1+ 49. Kh2 Qxc3 50. Qa7+ Kf6 51.
Qa8 Qd2+ 52. Kh1 Qd1+ 53. Kh2 Qe2+ 54. Kh1 Qe4+ 55. Kh2 Qf4+ 56. Kg2 Qe4+ 57. Kh2 Kg5 58. Qxa5 Kh4 59. Qd8+ g5 60. Qf8 Qe2+ 61. Kg1 Kg3 62. Qb8+ Kxh3 63. Qe5 1-0

[Event "*** Titled Tuesday Blitz"]
[Site "Chess.com"]
[Date "2021.03.30"]
[Round "7"]
[White "theredking89"]
[Black "ChessQueen"]
[Result "1/2-1/2"]
[WhiteElo "2566"]
[BlackElo "2708"]
[TimeControl "180+1"]
[EndTime "11:19:47 PDT"]
[Termination "Game drawn - insufficient material"]

1. e4 c6 2. Nc3 d5 3. Nf3 dxe4 4. Nxe4 Nf6 5. Qe2 Nxe4 6. Qxe4 Nd7 7. Bc4 Nf6 8. Ne5 e6 9. Qe2 b5 10. Bb3 Qc7 11. c3 Bd6 12. d4 O-O 13. Bf4 a5 14. O-O c5 15. dxc5 Qxc5 16. Rad1 Bc7 17. Nd3 Qb6 18. Bxc7 Qxc7 19. Qe5 Qc6 20. Qc5 Bb7 21. Qxc6 Bxc6 22. Ne5 Bd5 23. Rd4 Rfc8 24. Rfd1 Rc5 25.
Nd3 Rcc8 26. Ne5 Rc5 27. f3 Kf8 28. Bxd5 Rxd5 29. Rxd5 Nxd5 30. Kf2 Ke7 31. c4 bxc4 32. Nxc4 a4 33. Ne3 Nb4 34. a3 Nc6 35. Rc1 Kd7 36. Rc4 e5 37. Ke1 f6 38. Kd2 Na5 39. Rb4 Nb3+ 40.
Kc3 Nc5 41. Nc4 Ra7 42. Rb6 Ne6 43. Rd6+ Ke7 44. Rc6 Nf4 45. g3 Ne2+ 46. Kb4 Nd4 47. Rb6 Nxf3 48. Nd6 Rd7 49. Nf5+ Kf7 50. Kxa4 g6 51.
Nd6+ Ke7 52. Ne4 f5 53. Nc5 Rd4+ 54. Rb4 e4 55. Rxd4 Nxd4 56. Kb4 Kd6 57. Kc4 Nf3 58. b4 Nxh2 59. a4 Nf1 60. a5 Ne3+ 61. Kd4 Nc2+ 62. Kc4 Na3+ 63. Kd4 Nb5+ 64. Kc4 Na3+ 65. Kd4 Nb5+ 66.
Kc4 Kc6 67. Ne6 h5 68. Nf4 g5 69. Nxh5 Nd6+ 70. Kd4 Kb5 71. Ng7 Kxb4 72. a6 f4 73. gxf4 gxf4 74. a7 Nb5+ 75. Kxe4 Nxa7 76. Kxf4 1/2-1/2

[Event "*** Titled Tuesday Blitz"]
[Site "Chess.com"]
[Date "2021.03.30"]
[Round "7"]
[White "DrVitman"]
[Black "bsnsun"]
[Result "1-0"]
[WhiteElo "2633"]
[BlackElo "2476"]
[TimeControl "180+1"]
[EndTime "11:19:47 PDT"]
[Termination "DrVitman won by resignation"]

1. e4 c5 2. Nc3 Nc6 3. Bb5 Nd4 4.
Nf3 g6 5. Nxd4 cxd4 6. Ne2 Bg7 7. O-O e5 8. c3 dxc3 9. dxc3 Nf6 10. Qd3 O-O 11.
Bc4 b6 12. Bg5 Bb7 13. Bxf6 Qxf6 14. Bd5 Bc6 15. Rad1 Qe7 16. g3 Qc5 17. Kg2 Kh8 18. f3 f5 19. b4 Qe7 20. Bxc6 dxc6 21. Qd6 Qxd6 22. Rxd6 Rac8 23. Rd7 a5 24. bxa5 bxa5 25. Rb1 Rfd8 26. Rbb7 Rxd7 27. Rxd7 Rb8 28. Kf2 fxe4 29. fxe4 Bh6 30. Ra7 Rb5 31. a4 Rc5 32. Kf3 Kg8 33. h4 Bd2 34. Kf2 Bxc3 35. Nxc3 Rxc3 36. Rxa5 Rc4 37.
Kf3 Rc3+ 38. Kg4 Kg7 39. Rxe5 h5+ 40. Kf4 Ra3 41. a5 Ra1 42. Re7+ Kf6 43. Rc7 Rxa5 44. Rxc6+ Kf7 45. Rd6 Ra1 46. Kg5 Ra5+ 47. Rd5 Ra7 48. Rd6 Ra5+ 49. Kh6 Re5 50. Rxg6 Rxe4 51. Kxh5 Re5+ 52. Rg5 Re6 53. g4 Ra6 54. Rb5 Kg7 55.
g5 Rc6 56. Rb7+ Kg8 57. g6 Rc5+ 58. Kh6 Rc8 59. h5 Ra8 60. Rc7 Rb8 61. Re7 Rc8 62.
Kg5 Rc5+ 63. Kf6 Rc6+ 64. Re6 Rc8 65. h6 Rf8+ 66. Kg5 Rc8 67. Ra6 Rc5+ 68. Kf6 Rc8 69. Rd6 Rf8+ 70. Ke7 Rc8 71. Rd8+ Rxd8 72. Kxd8 Kh8 73.
Ke7 Kg8 74. g7 Kh7 75. Kf7 Kxh6 76. g8=Q 1-0

[Event "*** Titled Tuesday Blitz"]
[Site "Chess.com"]
[Date "2021.03.30"]
[Round "7"]
[White "albi1999"]
[Black "CM_rui"]
[Result "1-0"]
[WhiteElo "2614"]
[BlackElo "2442"]
[TimeControl "180+1"]
[EndTime "11:19:55 PDT"]
[Termination "albi1999 won by checkmate"]

1. d4 Nf6 2. c4 e6 3. Nf3 Bb4+ 4. Bd2 Qe7 5. g3 O-O 6. Bg2 d5 7. Qc2 Nc6 8. O-O Ne4 9. Bxb4 Nxb4 10. Qb3 a5 11.
Nc3 Nxc3 12. bxc3 dxc4 13. Qxc4 Nd5 14. e4 b5 15. Qd3 Nb6 16. Rfe1 b4 17. cxb4 axb4 18.
Qc2 Bb7 19. Rec1 Rfc8 20. Nd2 Na4 21. h4 c5 22. d5 exd5 23. exd5 Nc3 24. d6 Qd7 25. Bxb7 Qxb7 26. Nc4 Rd8 27. Re1 Qa6 28. Qd3 h6 29. Re7 Ra7 30. Rae1 Rxe7 31. dxe7 Rxd3 32. e8=Q+ Kh7 33. Ne5 Ne2+ 34. Kh2 Rd2 35. Qxf7 Nd4 36. h5 Qf6 37. Qg6+ Qxg6 38. hxg6+ Kg8 39.
Kg2 Rxa2 40. Nd7 Ra8 41. Re7 b3 42. Nxc5 b2 43. Rb7 Nf5 44. Rxb2 Ne7 45. Rb6 Kf8 46.
Ne6+ Kg8 47. Nf4 Nf5 48. Re6 Rf8 49. Rb6 Ne7 50. Rb7 Nf5 51. Ne6 Re8 52. Nf4 Rc8 53. Nh5 Kf8 54. Rf7+ Kg8 55. Rxf5 Rc6 56. Nf4 Ra6 57. Rd5 Rf6 58. Rd8+ Rf8 59. Rxf8+ Kxf8 60. g4 Ke7 61. Kg3 Kf6 62. f3 Kg5 63. Nh3+ Kf6 64. Kh4 Kxg6 65. f4 Kf6 66. Kh5 Kf7 67. f5 Kf6 68. Nf4 Ke5 69. Ne6 Kf6 70. Nc7 Ke5 71.
Ne8 Kf4 72. Nxg7 Ke5 73. Kxh6 Kf6 74. Nh5+ Kf7 75. g5 Kg8 76. g6 Kf8 77. Kh7 Ke7 78.
g7 Kd7 79. g8=Q Kc7 80. Qe6 Kd8 81. f6 Kc7 82. f7 Kb7 83. f8=Q Ka7 84. Qff7+ Ka8 85.
Qee8# 1-0

[Event "*** Titled Tuesday Blitz"]
[Site "Chess.com"]
[Date "2021.03.30"]
[Round "7"]
[White "KacperPolOK"]
[Black "petincash"]
[Result "1/2-1/2"]
[WhiteElo "2434"]
[BlackElo "2290"]
[TimeControl "180+1"]
[EndTime "11:19:59 PDT"]
[Termination "Game drawn by repetition"]

1. e4 Nc6 2. Nf3 e5 3. Bc4 Bc5 4. O-O Nf6 5. d4 Bxd4 6. Nxd4 Nxd4 7. Bg5 d6 8. f4 Bg4 9. Bxf6 Bxd1 10. Bxd8 Rxd8 11. Rxd1 Nxc2 12. Nc3 Nxa1 13. Rxa1 c6 14. Kf2 Ke7 15. g3 h5 16. h4 b5 17. Bb3 Rb8 18.
Kf3 a5 19. Nd1 g6 20. Ne3 a4 21. Bc2 Rb7 22. Rc1 Ra8 23. Bd3 Rb6 24. g4 hxg4+ 25.
Nxg4 exf4 26. Kxf4 Rh8 27. Kg3 Rh5 28. Rf1 Rb8 29.
Rf2 a3 30. b4 Rbh8 31. Rh2 f5 32.
exf5 gxf5 33. Nf2 Rg8+ 34. Kf3 Kf6 35. Rh1 Rgh8 36. Rc1 Rxh4 37. Rxc6 Rxb4 38. Rxd6+ Ke5 39. Rc6 Rd8 40. Rc5+ Kd4 41. Rxf5 Kc3 42. Rc5+ Kb2 43. Rc2+ Ka1 44. Ke3 Rb2 45. Rc1+ Kxa2 46. Bxb5 Rxb5 47. Nd3 Rb3 48. Kd2 Rbxd3+ 49. Kc2 Rc3+ 50. Kxc3 Rc8+ 51. Kd2 Rd8+ 52. Kc2 Re8 53. Rh1 Rc8+ 54. Kd3 Kb2 55. Rh2+ Kb3 56. Rh7 Rd8+ 57. Ke2 a2 58. Rb7+ Kc2 59.
Rc7+ Kb2 60. Rb7+ Ka1 61. Rb6 Rd5 62. Rb7 Rd6 63. Rb8 Rd7 64. Rb6 Rd5 65. Rb7 Rh5 66. Kd2 Rh2+ 67. Kc1 Rh1+ 68. Kc2 Rh3 69. Rb8 Rh2+ 70.
Kc3 Rh1 71. Rb7 Rh3+ 72. Kc2 Rh2+ 73. Kc1 Rh1+ 74. Kc2 Rb1 75. Rh7 Rb6 76. Rh1+ Rb1 77. Rh7 Rb2+ 78. Kc3 Rb1 79. Kc2 1/2-1/2

[Event "*** Titled Tuesday Blitz"]
[Site "Chess.com"]
[Date "2021.03.30"]
[Round "7"]
[White "CSB7"]
[Black "vugarrasulov"]
[Result "0-1"]
[WhiteElo "2680"]
[BlackElo "2875"]
[TimeControl "180+1"]
[EndTime "11:20:00 PDT"]
[Termination "vugarrasulov won on time"]

1. d4 Nf6 2. Bf4 c5 3. e3 Qb6 4.
Nc3 d6 5. Bb5+ Bd7 6. a4 g6 7. Bg5 Bg7 8. Bxf6 Bxf6 9. Nd5 Qa5+ 10. Qd2 Qxd2+ 11. Kxd2 Kd8 12. Nxf6 exf6 13. Ne2 a6 14. Bd3 Nc6 15. c3 Na5 16. Nc1 Ke7 17. b4 cxb4 18. cxb4 Nc6 19. Na2 Be6 20. Rhb1 Bxa2 21. Rxa2 Rhc8 22.
Be4 Rc7 23. a5 Rac8 24. b5 axb5 25. Rxb5 f5 26. Bd5 Ra8 27. Rxb7 Rxb7 28. Bxc6 Rba7 29.
Bxa8 Rxa8 30. Kc3 Kd7 31. Kc4 Kc6 32. d5+ Kc7 33. Kb5 Rb8+ 34. Ka6 Rb3 35. Ka7 Rb5 36. Rc2+ Rc5 37. Rxc5+ dxc5 38. d6+ Kxd6 39. Kb6 c4 40. a6 c3 41. a7 c2 42. a8=Q c1=Q 43. Qf8+ Ke6 44. Qe8+ Kf6 45. Qh8+ Kg5 46. h4+ Kg4 47.
Qxh7 Qb2+ 48. Kc7 Qc2+ 49. Kd7 Qxf2 50. Qxf7 Qd2+ 51. Ke7 Qxe3+ 52. Kf8 Qh6+ 53. Qg7 Qh5 54. Kf7 g5+ 55. Kf6 Kxh4 56. Ke6 f4 57. Qc3 Qg4+ 58.
Kf6 Qxg2 59. Kg6 Qe4+ 60. Kh6 Qe6+ 61. Kg7 g4 62. Qc1 Qe5+ 63. Kh6 Qf6+ 64. Kh7 f3 65.
Qh1+ Kg5 66. Qc1+ Kf5 67. Qc2+ Kf4 68. Qc1+ Kf5 69. Qc5+ Ke4 70. Qc2+ Ke3 71. Qc1+ Kf2 72. Qd2+ Kg1 73. Qd1+ Kg2 0-1

[Event "*** Titled Tuesday Blitz"]
[Site "Chess.com"]
[Date "2021.03.30"]
[Round "7"]
[White "sganerdene"]
[Black "anasta10"]
[Result "0-1"]
[WhiteElo "2604"]
[BlackElo "2504"]
[TimeControl "180+1"]
[EndTime "11:20:00 PDT"]
[Termination "anasta10 won by resignation"]

1. e4 e6 2. d4 d5 3. Nc3 Bb4 4. exd5 exd5 5. Bd3 Ne7 6. Ne2 Bf5 7. O-O Nbc6 8. Bg5 Qd7 9. Ng3 Bxd3 10. Qxd3 f6 11.
Bf4 Bxc3 12. Qxc3 O-O-O 13. b4 g5 14. Be3 Nf5 15. Nxf5 Qxf5 16. b5 Ne7 17. a4 Kb8 18. a5 Rc8 19. Qb4 Ng6 20. b6 a6 21. bxc7+ Rxc7 22. Rab1 Nh4 23. Qd6 Qe4 24. Qg3 Nf5 25. Qh3 h5 26.
Bd2 Nxd4 27. Rfe1 Qxc2 28. Bb4 Ne2+ 29. Kh1 Nf4 30. Qf3 Rd8 31. Red1 Qf5 32. g3 d4 33.
gxf4 g4 34. Qg2 Qxf4 35. Bd2 Qf5 36. Rb6 Rdd7 37. Bb4 Kc8 38. Bd6 Rc2 39. Bg3 Kd8 40. Rb3 Ke8 41. Rbd3 Kf7 42. Kg1 Kg6 43. Qf1 Rc5 44.
Rxd4 Rxd4 45. Rxd4 Rxa5 46. Rd1 Rb5 47. Qe2 a5 48.
Qe8+ Kg5 49. Qg8+ Qg6 50. Qf8 Rf5 51. Kg2 h4 52. Bb8 a4 53. Qa3 Rf3 54. Qxa4 Qf5 55. Qd4 h3+ 56. Kg1 b5 57. Qd2+ Kh5 58. Qd5 b4 59.
Qxf5+ Rxf5 60. Rb1 Rb5 61. Bd6 b3 62. Kf1 Kg6 63. Ke2 Kf5 64. Bg3 Ke4 65. Kd2 Kf3 66. Kc3 f5 67. Rxb3 Rxb3+ 68. Kxb3 f4 69. Bh4 Kg2 70. Bg5 Kxh2 71. Bxf4+ Kg2 72. Bg3 h2 73. Bxh2 Kxh2 74. f4 gxf3 0-1

[Event "*** Titled Tuesday Blitz"]
[Site "Chess.com"]
[Date "2021.03.30"]
[Round "7"]
[White "kuba2006"]
[Black "NishaOnYoutube"]
[Result "1-0"]
[WhiteElo "2346"]
[BlackElo "2182"]
[TimeControl "180+1"]
[EndTime "11:20:04 PDT"]
[Termination "kuba2006 won on time"]

1. e4 Nf6 2. e5 Nd5 3. d4 Nb6 4. c4 d6 5. exd6 cxd6 6. Nc3 g6 7. Be3 Bg7 8. b3 O-O 9. Rc1 Bf5 10. Nf3 d5 11. c5 Nc8 12. Bd3 Bg4 13. h3 Bxf3 14.
Qxf3 e6 15. O-O Nc6 16. Ne2 N8e7 17. Qg3 Nf5 18. Bxf5 exf5 19. Rfd1 Re8 20. Nc3 a6 21. b4 Qd7 22. Rb1 Rad8 23. a4 Qe6 24. b5 axb5 25.
axb5 Na5 26. Bf4 Nc4 27. c6 bxc6 28. b6 Nd6 29. Bxd6 Qxd6 30. Qxd6 Rxd6 31. b7 Rb8 32. Na4 Rd7 33. Nc5 Re7 34. Rb6 Bf8 35.
Rxc6 Rexb7 36. Nxb7 Rxb7 37. Rc8 Kg7 38. Rd8 Rb5 39. Re1 Bb4 40. Re5 Bc3 41. Rexd5 Rb1+ 42. Kh2 Bd2 43. g3 Rb2 44. Re5 h5 45. Kg2 Bc3 46. Re7 Rc2 47. Ree8 Kf6 48. d5 Bd4 49. d6 Rxf2+ 50. Kh1 Rf1+ 51. Kg2 Rf2+ 52. Kg1 Rd2+ 53. Kf1 Rf2+ 54. Ke1 Rb2 55. d7 Bc3+ 56. Kd1 Rd2+ 57.
Kc1 Rd6 58. Rf8 Ba5 59. Ra8 Bd2+ 60. Kc2 Rxd7 61. Rfd8 Rxd8 62. Rxd8 Be3 63. Rd3 Bc5 64. Kd1 Kg5 65. Ke2 h4 66. Kf3 hxg3 67. Kxg3 Bb6 68.
Kf3 Bc7 69. Rd7 Be5 70. Rxf7 Bd4 71. Rh7 Bc3 72. h4+ Kf6 73. Rc7 Bd4 74. Rc6+ 1-0

[Event "*** Titled Tuesday Blitz"]
[Site "Chess.com"]
[Date "2021.03.30"]
[Round "7"]
[White "Manukyan_Artak"]
[Black "Goryachkina"]
[Result "0-1"]
[WhiteElo "2473"]
[BlackElo "2641"]
[TimeControl "180+1"]
[EndTime "11:20:07 PDT"]
[Termination "Goryachkina won on time"]

1. e4 c5 2. Nf3 a6 3. c3 d5 4. exd5 Qxd5 5. d4 Nf6 6. Be3 cxd4 7. cxd4 Bg4 8. Nc3 Qd8 9. h3 Be6 10. Bd3 g6 11. O-O Bg7 12. Rc1 O-O 13. Ng5 Bd5 14. Nxd5 Nxd5 15. Qb3 Nc6 16. Be4 e6 17. Bxd5 exd5 18.
Nf3 Na5 19. Qa4 Nc4 20. b3 Nxe3 21. fxe3 Qe7 22. Rce1 Rac8 23. Qa5 Rfd8 24. Qd2 h6 25. Rc1 Qe6 26. Rxc8 Rxc8 27. Rc1 Bf8 28. Kf2 Bd6 29.
Rxc8+ Qxc8 30. Ke2 Kg7 31. Kd1 Qf5 32. Qc2 Qd7 33.
Qd3 Qc7 34. Qc2 Qa5 35. Kc1 Qa3+ 36. Kb1 a5 37. Qb2 Qb4 38. Qd2 Qb5 39. Kc2 a4 40.
Qd3 Qa5 41. Nd2 axb3+ 42. Qxb3 Bb4 43. Nf3 Qb5 44. Qd3 Qc6+ 45. Kb1 Bc3 46. Qc2 Qb5+ 47. Qb3 Qf1+ 48. Kc2 Qxg2+ 49. Kxc3 Qxf3 50. Kb4 Qxh3 51. Qxd5 Qxe3 52. Kc5 h5 53. Qxb7 h4 54. Qb2 Qe7+ 55. Kc6 Qf6+ 56. Kc5 h3 57. Qh2 Qe7+ 58. Kc6 Qe6+ 59. Kc5 Qe7+ 60. Kc6 Qe8+ 61. Kc5 Qc8+ 62. Kd5 g5 63. Ke4 g4 64. d5 Qe8+ 65. Kd4 Qa4+ 66. Ke5 Qa5 67. Kd6 Qb4+ 68. Kc6 Qc3+ 69. Kd7 Qf3 70.
d6 Qg2 71. Qe5+ Kg6 72. Ke8 h2 73. d7 Qa8+ 74. d8=Q Qxd8+ 75. Kxd8 h1=Q 0-1

[Event "*** Titled Tuesday Blitz"]
[Site "Chess.com"]
[Date "2021.03.30"]
[Round "7"]
[White "Myshakov_Fedor"]
[Black "Iball95"]
[Result "1-0"]
[WhiteElo "2391"]
[BlackElo "2626"]
[TimeControl "180+1"]
[EndTime "11:20:08 PDT"]
[Termination "Myshakov_Fedor won on time"]

1. c4 Nf6 2. Nc3 c5 3. Nf3 Nc6 4.
g3 g6 5. Bg2 Bg7 6. O-O O-O 7.
d4 cxd4 8. Nxd4 Qa5 9. Nd5 Nxd5 10. Nxc6 dxc6 11. cxd5 Rd8 12. Bd2 Qb6 13. Bc3 Bxc3 14. bxc3 cxd5 15. Qb3 Qc5 16. Rfd1 e6 17. c4 d4 18. e3 e5 19. exd4 exd4 20. Bd5 Rb8 21. Qd3 b5 22. Qxd4 Qxd4 23. Rxd4 Be6 24. Rad1 Bxd5 25.
cxd5 Rd6 26. Rc1 Rb7 27. Rc5 Kf8 28. Rb4 a6 29. a4 Rdb6 30. Rc6 Ke7 31. axb5 axb5 32.
Rc1 Kd6 33. Rd1 Rc7 34. Kf1 Rc5 35. Rbd4 Rc4 36. R4d3 b4 37. Ke2 Rb5 38. R1d2 Rcc5 39. Rb2 Rxd5 40. Rf3 Re5+ 41. Kf1 f5 42. h4 Kc5 43.
Rc2+ Kb6 44. Rf4 b3 45. Rb2 Ka5 46. Rc4 Rec5 47. Rxc5 Rxc5 48. Rxb3 Rb5 49. Re3 Rb7 50. Kg2 Rd7 51. Rb3 Ka4 52. Rb2 Ka3 53. Rb8 Ka4 54.
Kf3 Ka5 55. Kf4 Ka6 56. Rb2 Ka5 57. Kg5 Ka6 58. f3 Rd3 59. Kf4 Rd4+ 60. Ke3 Rd7 61. g4 fxg4 62. fxg4 Ka5 63. Kf4 Ka6 64. Kg5 Rd5+ 65.
Kh6 Rd4 66. Rg2 Rd7 67. h5 g5 68. Kxg5 Kb6 69. Rc2 Rd6 70. Kf5 h6 71. g5 1-0

[Event "*** Titled Tuesday Blitz"]
[Site "Chess.com"]
[Date "2021.03.30"]
[Round "7"]
[White "liczner"]
[Black "Genghis_K"]
[Result "1/2-1/2"]
[WhiteElo "2820"]
[BlackElo "2945"]
[TimeControl "180+1"]
[EndTime "11:20:12 PDT"]
[Termination "Game drawn - insufficient material"]

1. e4 c5 2. Nf3 d6 3. d4 cxd4 4. Nxd4 Nf6 5. Nc3 a6 6. f4 e5 7. Nf3 Nbd7 8. Bd3 Be7 9. a4 O-O 10. O-O Nc5 11. Kh1 Be6 12. fxe5 dxe5 13. Nxe5 Bd6 14.
Nf3 Ng4 15. h3 Ne5 16. Ng5 Nexd3 17. Nxe6 fxe6 18. cxd3 Rxf1+ 19. Qxf1 Bf8 20. Be3 Qxd3 21. Qf3 Qd7 22. Rd1 Qe8 23. Rf1 Nd7 24. e5 Nxe5 25. Qxb7 Rb8 26. Qxa6 Rxb2 27. Bd4 Qg6 28. Ne2 Rb1 29. Rxb1 Qxb1+ 30. Kh2 Nf7 31. Qxe6 Bd6+ 32. Ng3 Qb8 33. Bf2 Bc7 34. a5 Bxa5 35. Kh1 Qb1+ 36.
Kh2 Qb8 37. Kh1 Bc7 38. Nf5 Qf8 39. Bg1 Bd8 40. Nd4 Bf6 41. Qd5 Kh8 42. Nf5 Ne5 43. Bc5 Qc8 44. Nd6 Qg8 45. Qxg8+ Kxg8 46. Bd4 Nd7 47.
Bxf6 Nxf6 48. Nf5 Kf7 49. Ne3 Kg6 50. Kg1 Kg5 51. Kf2 Kf4 52. g3+ Ke4 53. Nc4 Nh5 54. Nd6+ Ke5 55. Nc4+ Ke6 56. Ne3 Nf6 57. Kf3 Ke5 58.
g4 g6 59. Nc4+ Kd5 60. Ne3+ Kd4 61. Ng2 Ke5 62. Ne3 Nd7 63. Nc4+ Kf6 64. Ne3 Ne5+ 65. Kg3 Nd3 66. Nd5+ Ke5 67. Ne3 Nc5 68. Nc4+ Ke4 69. Nd6+ Ke3 70. Nf7 Ne4+ 71. Kg2 Kf4 72. Nd8 Nc5 73.
Nc6 Nd3 74. Nd4 Ne1+ 75. Kf2 Nd3+ 76. Kg2 Ne5 77. Ne6+ Ke4 78. Ng5+ Kf4 79. Nxh7 Nxg4 80. hxg4 Kxg4 81. Nf8 g5 82. Ne6 Kf5 83. Nxg5 1/2-1/2